 Dungeon Crawl Stone Soup version 0.30-a0-937-ga0a21ad780 (webtiles) character file.

Game seed: 10070656972341882995

179 FexLirch the Digger (level 6, 0/45 HPs)
             Began as a Meteoran Earth Elementalist on Mar 24, 2023.
             Succumbed to a scorpion's poison
             ... on level 4 of the Dungeon.
             The game lasted 00:02:50 (296 turns).

FexLirch the Digger (Meteoran Earth Elementalist)    Turns: 296, Time: 00:02:51

Health: 0/45       AC:  7    Str: 10    XL:     6   Next: 14%
Magic:  8/13       EV: 10    Int: 19    God:
Gold:   33         SH:  0    Dex: 14    Spells: 7/13 levels left

rFire   . . .      SeeInvis .    j - +1 falchion (holy)
rCold   + . .      Faith    .    (no shield)
rNeg    . . .      Spirit   .    f - +0 ring mail {rC+}
rPois   .          Reflect  .    (no helmet)
rElec   .          Rampage  .    (no cloak)
rCorr   .          Clarity  +    (no gloves)
Will    .....                    (no boots)
Stlth   +                        (no amulet)
HPRegen 0.27/turn                (no ring)
MPRegen 0.13/turn                (no ring)

@: lethally poisoned (0 -> -5), hasted, glowing, very quick
A: sense surroundings 1, otherworldly, glowing, explore regen, iridescent scales
1, clarity
a: no special abilities


You were on level 4 of the Dungeon.
You visited 1 branch of the dungeon, and saw 5 of its levels.

You collected 33 gold pieces.

Inventory:

Hand Weapons
 j - a +1 falchion of holy wrath (weapon)
Missiles
 i - 3 boomerangs
 k - 3 stones
Armour
 a - a +0 robe
 f - a +0 ring mail of cold resistance (worn)
Jewellery
 d - a ring of ice
Scrolls
 e - a scroll of teleportation {unknown}
 g - a scroll of identify {unknown}


   Skills:
 - Level 2.4 Dodging
 - Level 1.4 Stealth
 + Level 4.4 Spellcasting
 + Level 3.4 Conjurations
 - Level 1.2 Transmutations
 + Level 5.1 Earth Magic


You had 7 spell levels left.
You knew the following spells:

 Your Spells              Type           Power      Damage    Failure   Level
a - Sandblast             Erth           46%        2d11      4%          1
b - Passwall              Tmut/Erth      13%        N/A       14%         2
c - Stone Arrow           Conj/Erth      40%        3d9       17%         3

Your spell library contained the following spells:

 Spells                   Type           Power      Damage    Failure   Level
 Hailstorm                Conj/Ice       10%        3d5       45%         3
 Petrify                  Tmut/Erth      16%        N/A       67%         4
 Ice Form                 Ice/Tmut       6%         N/A       95%         4
 Simulacrum               Ice/Necr       2%         N/A       100%        6


Dungeon Overview and Level Annotations

Branches:
Dungeon (5/15) Zot: 2685
 Temple: D:4-7

Altars:


Innate Abilities, Weirdness & Mutations

You passively map a small area around you.
You are easily found by Zot.
You glow in the dark.
You regain HP and MP as you explore.
You are partially covered in iridescent scales. (AC +2)
You possess an exceptional clarity of mind.


Message History

The blast of sand hits the scorpion but does no damage.
The scorpion is lightly wounded.
You feel sick. The scorpion stings you.
You are more poisoned.
The scorpion poisons you! The scorpion stings you.
* * * LOW HITPOINT WARNING * * *
You are lethally poisoned!
The scorpion poisons you!
It was a potion of mutation.
You feel extremely strange.
Iridescent scales grow over part of your body.
Your thoughts seem clearer.
* * * LOW HITPOINT WARNING * * *
You feel very sick. The scorpion misses you.
It was a potion of haste.
You feel yourself speed up.
* * * LOW HITPOINT WARNING * * *
You feel very sick.
The scorpion stings you but does no damage. x2
Magic courses through your body.
* * * LOW HITPOINT WARNING * * *
You feel sick. The scorpion stings you.
* * * LOW HITPOINT WARNING * * *
Casting: Sandblast (safe; 4% risk of failure)
Confirm with . or Enter, or press ? or * to list all spells.
Aiming: Stone Arrow (dangerous; 17% risk of failure)
Press: ? - help, Shift-Dir - straight line, f/p - scorpion
Aim: a scorpion (lightly wounded, 71% to hit)
The stone arrow misses the scorpion.
* * * LOW HITPOINT WARNING * * *
You feel sick.
* * * LOW HITPOINT WARNING * * *
You feel sick.
Casting: Stone Arrow (dangerous; 17% risk of failure)
Confirm with . or Enter, or press ? or * to list all spells.
Aiming: Stone Arrow (dangerous; 17% risk of failure)
Press: ? - help, Shift-Dir - straight line, f/p - scorpion
Aim: a scorpion (lightly wounded, 71% to hit)
The stone arrow hits the scorpion!
The scorpion is severely wounded.
You die...

~~≈~~≈≈..#.......+ ,
.~~~~...##.......# ,
* ..########.......#
# * ##......# #.,
##......#.### #. **
#.(.....#...# #.
##.......#.#.#
#.####........#...#
#..@sB........#.#)# *
#...#####.......#...#
,, #.. ##......#.#.#
, ... ##.....#...#
... *#.####.###. ..,
...#..#... ,., *
#.#>##... * #.#.# ...
,* , #######...#*...


You could see a scorpion and a giant cockroach.

Vanquished Creatures
  A scorpion (D:4)
  A jelly (D:5)
  2 orc wizards
  4 orcs
  3 endoplasms
  A goblin (D:1)
  3 hobgoblins
  A ball python (D:4)
  A bat (D:3)
  A rat (D:1)
18 creatures vanquished.

Vanquished Creatures (others)
  An orc wizard (D:5)
1 creature vanquished.

Grand Total: 19 creatures vanquished

Notes
Turn   | Place    | Note
-------+----------+-------------------------------------------
     0 | D:1      | FexLirch the Meteoran Earth Elementalist began the quest
                  | for the Orb.
     0 | D:1      | Reached XP level 1. HP: 14/14 MP: 5/5
   106 | D:3      | Reached XP level 2. HP: 20/20 MP: 4/6
   121 | D:3      | Reached skill level 1 in Conjurations
   143 | D:3      | Learned a level 2 spell: Passwall
   177 | D:4      | Reached skill level 4 in Earth Magic
   177 | D:4      | Reached XP level 3. HP: 22/26 MP: 0/8
   187 | D:4      | Learned a level 3 spell: Stone Arrow
   206 | D:4      | Reached XP level 4. HP: 33/33 MP: 6/10
   220 | D:4      | Noticed a scorpion
   224 | D:4      | Killed a scorpion
   225 | D:4      | Reached XP level 5. HP: 27/38 MP: 5/12
   231 | D:5      | Entered Level 5 of the Dungeon
   259 | D:5      | Reached skill level 5 in Earth Magic
   260 | D:5      | Reached XP level 6. HP: 27/45 MP: 4/13
   291 | D:4      | Gained mutation: You are partially covered in iridescent
                  | scales. (AC +2) [potion of mutation]
   291 | D:4      | Gained mutation: You possess an exceptional clarity of
                  | mind. [potion of mutation]
   293 | D:4      | HP: 2/45 [scorpion (2)]
   296 | D:4      | Succumbed to a scorpion's poison

Illustrated notes

Levels and vault maps discovered:
D:1:      dpeg_arrival_rooms_c, layout_basic, serial_shops,
          nicolae_shop_advertising_works [nicolae_subvault_shop_adworks]
D:2:      layout_loops_ring
D:3:      layout_basic, basic_ecumenical_altar
D:4:      layout_rooms, gammafunk_temple_overflow_pools, serial_rivers,
          chequers_serial_rivers_room_a, chequers_serial_rivers_large_a,
          chequers_serial_rivers_small_a, chequers_serial_rivers_micro_b,
          hangedman_minor_gate_pass
D:5:      layout_basic, grunt_dithmenos_smoke, kennysheep_mini,
          old_standard_altar

Skill      XL: |  1  2  3  4  5 |
---------------+----------------+-----
Spellcasting   | 3 4 |  4.4
Conjurations   | 1 2 3 |  3.4
Earth Magic    | 4 5 |  5.1
Dodging        | |  2.4
Stealth        | |  1.4
Transmutations | |  1.2

Action                     |  1- 3 |  4- 6 || total
---------------------------+-------+-------++-------
  Melee: Unarmed           |     2 |       ||     2
   Cast: Sandblast         |    19 |    25 ||    44
         Stone Arrow       |       |     2 ||     2
         Passwall          |       |     1 ||     1
    Use: Potion            |       |     3 ||     3
 Armour: Ring mail         |       |     6 ||     6
  Dodge: Dodged            |     6 |     5 ||    11

Table legend: (Time is in decaauts)
 A = Elapsed time spent in this place.
 B = Non-inter-level travel time spent in this place.
 C = Inter-level travel time spent in this place.
 D = Time resting spent in this place.
 E = Time spent auto-exploring this place.
 F = Levels seen in this place.
 G = Mean time per level.
                   A        B        C        D        E       F      G
               +--------+--------+--------+--------+--------+-----+--------+
         Total |    314 |    314 |      0 |      0 |      0 |   5 |   62.8 |
       Dungeon |    314 |    314 |      0 |      0 |      0 |   5 |   62.8 |
               +--------+--------+--------+--------+--------+-----+--------+

Top non-repeatable levels by time:
     D:4: 112 daAuts
     D:1: 96 daAuts
     D:3: 55 daAuts
     D:5: 46 daAuts
     D:2: 3 daAuts
